 Dungeon Crawl Stone Soup version 0.28-a0-1510-gd0f6b136d3 (webtiles) character file.

Game seed: 10722013796770733041

397 Demosthentine the Chopper (level 6, -16/33 HPs)
             Began as a Vine Stalker Chaos Knight on Jan 15, 2022.
             Was a Plaything of Xom.
             Demolished by a gnoll (18 damage)
             ... on level 4 of the Dungeon.
             The game lasted 00:03:23 (3503 turns).

Demosthentine the Chopper (VSCK)                    Turns: 3503, Time: 00:03:24

Health: -16/33     AC:  5    Str: 16    XL:     6   Next: 83%
Magic:  0/7        EV: 12    Int: 12    God:    Xom [.*....]
Gold:   159        SH:  0    Dex: 14    Spells: 5/5 levels left

rFire   . . .      SeeInvis .   a - +0 hand axe (chaos)
rCold   + . .      Faith    .   (no shield)
rNeg    . . .      Spirit   +   b - +2 leather armour
rPois   .          Reflect  .   (no helmet)
rElec   .          Harm     .   (no cloak)
rCorr   .          Rampage  .   (no gloves)
Will    .....                   (no boots)
Stlth   +.........              (no amulet)
HPRegen 0.91/turn               d - ring of protection from cold
MPRegen 0.10/turn               (no ring)

@: unable to read
A: fangs 2, regeneration 1, magic shield, antimagic bite, no potion heal 2,
screaming 1, inability to read while threatened
a: Renounce Religion


You were on level 4 of the Dungeon.
You worshipped Xom.
You were a plaything of Xom.
You visited 1 branch of the dungeon, and saw 4 of its levels.

You collected 159 gold pieces.

Inventory:

Hand Weapons
 a - a +0 hand axe of chaos (weapon)
Missiles
 c - 2 atropa-tipped darts (quivered)
Armour
 b - a +2 leather armour (worn)
Jewellery
 d - a ring of protection from cold (left hand)
 j - a ring of willpower
Wands
 k - a wand of polymorph (2)
Scrolls
 f - 2 scrolls of identify
 g - a scroll of vulnerability
 l - a scroll of fear {unknown}
Potions
 e - a potion of cancellation
 h - a potion of brilliance {unknown}
 i - a potion of flight


   Skills:
 + Level 4.0 Fighting
 + Level 4.0 Axes
 + Level 3.1 Armour
 + Level 2.7 Dodging


You had 5 spell levels left.
You didn't know any spells.
Your spell library contained the following spells:

 Spells                   Type           Power      Damage    Failure   Level
 Scorch                   Fire           0%         2d5       52%         2
 Sublimation of Blood     Necr           0%         N/A       52%         2
 Wereblood                Tmut           0%         N/A       52%         2
 Animate Armour           Summ/Erth      0%         N/A       98%         4
 Flame Wave               Conj/Fire      0%         2d4       98%         4
 Blade Hands              Tmut           0%         N/A       100%        5
 Iron Shot                Conj/Erth      0%         9d1       100%        6
 Summon Cactus Giant      Summ           0%         N/A       100%        6
 Summon Hydra             Summ           0%         N/A       100%        7


Dungeon Overview and Level Annotations

Branches:
Dungeon (4/15)
 Temple: D:4-7

Altars:


Innate Abilities, Weirdness & Mutations

You have extremely sharp teeth.
Your natural rate of healing is unusually fast.
When hurt, damage is shared between your health and your magic reserves.
Your bite disrupts and absorbs the magic of your enemies.
Potions cannot restore your health.
You occasionally shout uncontrollably at your foes.
You sometimes lose the ability to read scrolls when taking damage.


Message History

You struggle against the net.
Xom's power touches on a nearby weapon.
The gnoll's +0 club erupts in a glittering mayhem of colour.
The gnoll sergeant hits you from afar with a +2 vampiric spear!
The gnoll hits you with a +0 club.
Unknown command.
You struggle against the net.
The gnoll sergeant hits you from afar with a +2 vampiric spear.
The gnoll hits you with a +0 club.
Unknown command.
You rip the net and break free!
The gnoll sergeant barely misses you. The gnoll closely misses you.
Unknown command.
You hit the gnoll but do no damage.
The gnoll sergeant hits you from afar with a +2 vampiric spear!
You feel threatened and lose the ability to read scrolls!
The gnoll closely misses you.
Unknown command.
You hit the gnoll. Your bite misses the gnoll.
The gnoll is moderately wounded.
The gnoll sergeant hits you from afar with a +2 vampiric spear.
The gnoll hits you but does no damage.
You completely miss the gnoll. You bite the gnoll. You drain its power.
You feel invigorated.
The gnoll is heavily wounded.
The gnoll sergeant misses you. The gnoll hits you with a +0 club.
Unknown command.
You hit the gnoll. You bite the gnoll.
You kill the gnoll!
The gnoll throws a throwing net.
The throwing net closely misses you.
The gnoll sergeant hits you from afar with a +2 vampiric spear.
* * * LOW HITPOINT WARNING * * *
Unknown command.
You barely miss the gnoll. You bite the gnoll, but do no damage.
The gnoll sergeant hits you from afar with a +2 vampiric spear!
* * * LOW HITPOINT WARNING * * *
The gnoll hits you but does no damage.
You are electrocuted!!
Ouch! That really hurt!
You die...
Xom giggles madly!

........#.....# #......#
........'.....# #......#
........#.....# #......#
........#....(########......#
..####'##...................#
..###...#.........[.........#
...#....#...................#
...#....#...≈≈≈≈.≈≈≈≈.......#
...#....#...≈##≈@≈##≈.#######
..##....#...≈###g###≈##
..#######...≈≈


.gg ≈≈# ........####≈≈#...#≈≈# .........# #.(.#≈≈# .........# ######≈#
.........## #######...# ####...#### You could see a gnoll sergeant and 2 gnolls.

Vanquished Creatures
  An ogre (D:4)
  Ijyb (D:4)
  2 iguanas
  2 gnolls (D:4)
  5 adders
  An adder skeleton (D:4)
  A worm (D:3)
  2 dart slugs
  10 endoplasms
  4 giant cockroaches
  7 goblins
  3 hobgoblins
  7 kobolds
  5 quokkas
  6 ball pythons
  4 bats
  A frilled lizard (D:1)
  8 rats
70 creatures vanquished.

Vanquished Creatures (collateral kills)
  A sky beast (D:4)
1 creature vanquished.

Grand Total: 71 creatures vanquished

Notes
Turn   | Place    | Note
-------+----------+-------------------------------------------
     0 | D:1      | Demosthentine the Vine Stalker Chaos Knight began the quest
                  | for the Orb.
     0 | D:1      | Reached XP level 1. HP: 11/11 MP: 2/2
    33 | D:1      | XOM: silly message
   238 | D:1      | Reached skill level 1 in Dodging
   397 | D:1      | XOM: divination: detect creatures
   415 | D:1      | Reached XP level 2. HP: 16/16 MP: 3/3
   485 | D:1      | XOM: silly message
   643 | D:1      | XOM: 3-stop teleportation journey
   766 | D:1      | XOM: silly message
   878 | D:1      | XOM: divination: detect creatures
   953 | D:1      | Reached XP level 3. HP: 20/20 MP: 4/4
   984 | D:1      | XOM: god gift: book of Blood
  1095 | D:1      | XOM: divination: magic mapping
  1187 | D:1      | XOM: give mutations
  1187 | D:1      | Gained mutation: You sometimes lose the ability to read
                  | scrolls when taking damage. [Xom's mischief]
  1187 | D:1      | Gained mutation: You occasionally shout uncontrollably at
                  | your foes. [Xom's mischief]
  1244 | D:2      | XOM: 10-stop teleportation journey
  1666 | D:2      | Gained mutation: Your natural rate of healing is unusually
                  | fast. [Vine Stalker growth]
  1666 | D:2      | Reached XP level 4. HP: 12/24 MP: 3/5
  1998 | D:2      | XOM: scenery: 1 doors close
  2015 | D:3      | XOM: god gift: 2 atropa-tipped darts
  2431 | D:3      | XOM: butterfly on damage
  2432 | D:3      | XOM: butterfly on damage
  2434 | D:3      | HP: 1/24 [iguana (10)]
  2435 | D:3      | XOM: blink monster(s)
  2452 | D:3      | XOM: blink monster(s)
  2486 | D:3      | HP: 1/24 [iguana (8)]
  2493 | D:3      | XOM: enchant monster (good)
  2501 | D:3      | Reached XP level 5. HP: 9/28 MP: 1/6
  2561 | D:3      | XOM: 3-stop teleportation journey
  3149 | D:4      | Noticed an ogre
  3150 | D:4      | XOM: summons friendly white imp
  3151 | D:4      | XOM: 1-stop teleportation journey
  3176 | D:4      | Noticed a sky beast
  3196 | D:4      | Killed a sky beast
  3197 | D:4      | Reached XP level 6. HP: 14/33 MP: 4/7
  3256 | D:4      | Noticed Ijyb
  3257 | D:4      | XOM: summons 1 hostile demon
  3273 | D:4      | Killed Ijyb
  3289 | D:4      | XOM: stat loss: -1 Str (15/16)
  3343 | D:4      | XOM: chaos upgrade
  3344 | D:4      | XOM: butterfly on damage
  3496 | D:4      | XOM: chaos upgrade
  3503 | D:4      | Demolished by a gnoll

Illustrated notes

Levels and vault maps discovered:
D:1:      lemuel_arrival_funnel, layout_basic
D:2:      layout_basic
D:3:      layout_loops_corners
D:4:      layout_gridville, chequers_mini_garden, lightli_minifort, uniq_ijyb

Skill      XL: |  1  2  3  4  5  6 |
---------------+-------------------+-----
Dodging        | 1 2 |  2.7
Fighting       | 3 4 |  4.0
Axes           | 3 4 |  4.0
Armour         | 2 3 |  3.1

Action                   |  1- 3 |  4- 6 || total
-------------------------+-------+-------++-------
Melee: Hand axe          |    95 |   111 ||   206
       Bite              |    24 |    19 ||    43
       Unarmed           |       |    12 ||    12
  Use: Scroll            |     3 |     5 ||     8
 Stab: Sleeping          |     2 |       ||     2
       Confused          |       |     1 ||     1
       Distracted        |       |     1 ||     1
       Invisible         |       |     1 ||     1
Armor: Leather armour    |    42 |    35 ||    77
       Skin              |       |     2 ||     2
Dodge: Dodged            |    51 |    67 ||   118

Table legend: (Time is in decaauts)
 A = Elapsed time spent in this place.
 B = Non-inter-level travel time spent in this place.
 C = Inter-level travel time spent in this place.
 D = Time resting spent in this place.
 E = Time spent auto-exploring this place.
 F = Levels seen in this place.
 G = Mean time per level.
                   A        B        C        D        E       F      G
               +--------+--------+--------+--------+--------+-----+--------+
         Total |   3529 |   3432 |     97 |      0 |   2815 |   4 |  882.2 |
       Dungeon |   3529 |   3432 |     97 |      0 |   2815 |   4 |  882.2 |
               +--------+--------+--------+--------+--------+-----+--------+

Top non-repeatable levels by time:
     D:1: 1208 daAuts
     D:3: 949 daAuts
     D:2: 805 daAuts
     D:4: 565 daAuts
